 Dungeon Crawl Stone Soup version 0.30.0-29-ga12c61a403 (webtiles) character file.

Game seed: 17198241391888805176

53 DildoBatman the Conjurer (level 4, -2/27 (32) HPs)
             Began as a Formicid Conjurer on June 15, 2023.
             Frozen to death by an endoplasm (3 damage)
             ... on level 3 of the Dungeon.
             The game lasted 00:02:38 (1426 turns).

DildoBatman the Conjurer (Formicid Conjurer)        Turns: 1426, Time: 00:02:39

HP:   -2/27 (32)    AC:  3    Str: 12    XL:     4   Next: 11%
MP:   8/8           EV: 12    Int: 25    God:
Gold: 121           SH:  0    Dex: 12    Spells: 5/8 levels left

rFire   . . .        a - +0 sling
rCold   . . .        (no shield)
rNeg    . . .        h - +0 robe
rPois   +            (helmet unavailable)
rElec   .            (no cloak)
rCorr   .            j - +0 pair of gloves
SInv    +            (no boots)
Will    .....        (no amulet)
Stlth   ++           f - ring of poison resistance
HPRegen 0.24/turn    m - +6 ring of intelligence
MPRegen 0.11/turn

%: no passive effects
@: heavily drained
A: permanent stasis, dig shafts and tunnels, antennae 3, four strong arms
a: Dig, Shaft Self


You were on level 3 of the Dungeon.
You visited 1 branch of the dungeon, and saw 3 of its levels.

You collected 121 gold pieces.

Inventory:

Hand Weapons
 a - a +0 sling (weapon)
 c - a +0 dagger
 i - a +0 spear
Armour
 h - a +0 robe (worn)
 j - a +0 pair of gloves (worn)
Jewellery
 d - a ring of ice
 f - a ring of poison resistance (left hand)
 m - a +6 ring of intelligence (right hand)
Scrolls
 e - 3 scrolls of fear {unknown}
 k - a scroll of enchant weapon {unknown}
 l - a scroll of identify {unknown}
Potions
 b - a potion of magic
 g - a potion of heal wounds {unknown}


   Skills:
 * Level 1.2 Fighting
 * Level 1.1 Armour
 * Level 2.2 Dodging
 - Level 3.0 Stealth
 * Level 2.6 Spellcasting
 * Level 3.8 Conjurations


You had 5 spell levels left.
You knew the following spells:

 Your Spells              Type           Power      Damage    Failure   Level
a - Searing Ray           Conj           44%        2d6       3%          2
c - Magic Dart            Conj           88%        1d7       2%          1

Your spell library contained the following spells:

 Spells                   Type           Power      Damage    Failure   Level
 Dazzling Flash           Conj/Hex       26%        N/A       14%         3
 Fulminant Prism          Conj/Hex       6%         3d7       43%         4
 Iskenderun's Mystic Bla  Conj/Tloc      13%        2d5       43%         4


Dungeon Overview and Level Annotations

Branches:
Dungeon (2/15)

Altars:


Innate Abilities, Weirdness & Mutations

You cannot be hasted, slowed, berserked, paralysed or teleported.
You can dig through walls and to a lower floor.
You have a pair of large antennae on your head. (SInv)
Your four strong arms can wield two-handed weapons with a shield.


Message History

g - Guard the area. f - Follow me.
Anything else - Cancel.
You shout for attention!
The endoplasm misses you. What are your orders? t - Shout!
Orders for allies: a - Attack new target. r - Retreat! s - Stop attacking. g - Guard the area. f - Follow me.
Anything else - Cancel.
You shout for attention!
The endoplasm freezes you.
You are frozen.
What are your orders? t - Shout!
Orders for allies: a - Attack new target. r - Retreat! s - Stop attacking. g - Guard the area. f - Follow me.
Anything else - Cancel.
You shout for attention!
The endoplasm barely misses you. What are your orders? t - Shout!
Orders for allies: a - Attack new target. r - Retreat! s - Stop attacking. g - Guard the area. f - Follow me.
Anything else - Cancel.
You shout for attention!
The endoplasm freezes you.
You are frozen.
What are your orders? t - Shout!
Orders for allies: a - Attack new target. r - Retreat! s - Stop attacking. g - Guard the area. f - Follow me.
Anything else - Cancel.
You shout for attention!
The endoplasm freezes you.
You are frozen.
You die...

#....# ######
#####.... #.#..###
.?....... .......#
......... .......#
........##+##......##
........##.##........
........##.##........
..[....@.............
.......J+..##........
........#####.......#
##...#+## ##+######
#..# #.. #. #


You could see an endoplasm.

Vanquished Creatures
  2 adders (D:2)
  2 dart slugs (D:1)
  2 ball pythons (D:1)
  3 bats (D:1)
  5 endoplasms (D:1)
  2 giant cockroaches (D:1)
  2 hobgoblins
  3 goblins (D:1)
  3 kobolds (D:1)
  8 rats (D:1)
32 creatures vanquished.

Notes
Turn   | Place    | Note
-------+----------+-------------------------------------------
     0 | D:1      | DildoBatman the Formicid Conjurer began the quest for the
                  | Orb.
     0 | D:1      | Reached XP level 1. HP: 13/13 MP: 3/3
   129 | D:1      | Reached XP level 2. HP: 9/20 MP: 0/5
   132 | D:1      | Learned a level 2 spell: Searing Ray
   476 | D:1      | Reached XP level 3. HP: 25/25 MP: 2/6
   709 | D:1      | Reached skill level 1 in Fighting
  1309 | D:2      | Reached skill level 1 in Armour
  1350 | D:2      | Reached XP level 4. HP: 29/32 MP: 2/8
  1352 | D:2      | You fall into a shaft and drop 1 floor!
  1425 | D:3      | HP: 1/27 [frozen (3)]
  1426 | D:3      | Frozen to death by an endoplasm

Illustrated notes

Levels and vault maps discovered:
D:1:      dpeg_arrival_tiny_a, layout_basic, minmay_misc_feat_plants
D:2:      minmay_diamond_boxcup, layout_loops_ring,
          nicolae_figureground_sparkle, uniq_robin
D:3:      layout_basic, serial_shops, nicolae_shop_back_alley_shop,
          nicolae_shop_behind_doors, nicolae_lakefront_shop,
          nicolae_shop_temple_entry_statues_fountains,
          shapermc_ecumenical_altar_hornbeckon

Skill      XL: |  1  2  3 |
---------------+----------+-----
Dodging        | 2 |  2.2
Fighting       | 1 |  1.2
Armour         | 1 |  1.1
Stealth        | 3 |  3.0
Spellcasting   | |  2.6
Conjurations   | |  3.8

Action                     |  1- 3 |  4- 6 || total
---------------------------+-------+-------++-------
  Melee: Dagger            |    27 |       ||    27
   Fire: Sling             |    15 |       ||    15
   Cast: Magic Dart        |    32 |       ||    32
         Searing Ray       |     5 |       ||     5
Ability: Dig               |       |     2 ||     2
         Shaft Self        |       |     1 ||     1
   Stab: Sleeping          |     3 |       ||     3
 Armour: Robe              |     6 |     7 ||    13
  Dodge: Dodged            |    15 |    18 ||    33
